 Dungeon Crawl Stone Soup version 0.28.0 (console) character file.

Game seed: 6149509035406318183

426 jejorda2 the Cutter (level 6, 0/46 (52) HPs)
             Began as a Vine Stalker Berserker on Feb 12, 2022.
             Was a Priest of Trog.
             Slain by a wight (9 damage)
             ... on level 4 of the Dungeon.
             The game lasted 00:06:40 (2521 turns).

jejorda2 the Cutter (Vine Stalker Berserker)        Turns: 2521, Time: 00:06:40

HP:   0/46 (52)     AC:  7    Str: 22    XL:     6   Next: 97%
MP:   0/7           EV: 10    Int:  7    God:    Trog [***...]
Gold: 101           SH:  0    Dex: 13    Spells: 5/5 levels left

rFire   . . .      SeeInvis .   a - +4 short sword (drain)
rCold   . . .      Faith    .   (no shield)
rNeg    . . .      Spirit   +   l - +0 scale mail
rPois   .          Reflect  .   g - +0 helmet
rElec   .          Harm     .   s - scarf {shadows}
rCorr   .          Rampage  .   (no gloves)
Will    .....                   (no boots)
Stlth   ..........              (no amulet)
HPRegen 0.95/turn               (no ring)
MPRegen 0.10/turn               (no ring)

@: berserking, heavily drained, very quick
A: fangs 2, regeneration 1, magic shield, antimagic bite, no potion heal 2
a: Renounce Religion, Berserk, Trog's Hand


You were on level 4 of the Dungeon.
You worshipped Trog.
Trog was most pleased with you.
You visited 1 branch of the dungeon, and saw 4 of its levels.

You collected 101 gold pieces.

Inventory:

Hand Weapons
 a - a +4 short sword of draining (weapon)
 b - a +0 dagger
Missiles
 d - 100 stones (quivered)
 m - a boomerang of dispersal
Armour
 g - a +0 helmet (worn)
 l - a +0 scale mail (worn)
 s - a scarf of shadows (worn)
Wands
 o - a wand of digging (9)
 r - a wand of flame (26)
Scrolls
 e - 2 scrolls of identify {unknown}
 f - a scroll of noise {unknown}
 i - a scroll of amnesia {unknown}
 j - a scroll of fear {unknown}
 p - a scroll of vulnerability {unknown}
 q - a scroll of fog {unknown}
Potions
 c - 2 potions of degeneration {unknown}
 h - a potion of invisibility {unknown}
 k - a potion of magic {unknown}
 n - a potion of heal wounds {unknown}
 t - a potion of berserk rage {unknown}
 u - a potion of flight {unknown}


   Skills:
 * Level 4.8 Fighting
 * Level 4.8 Short Blades
 + Level 2.9 Armour
 - Level 1.5 Dodging


You had 5 spell levels left.
You didn't know any spells.
Your spell library was empty.

Dungeon Overview and Level Annotations

Branches:
Dungeon (4/15)
 Temple: D:4-7

Altars:
Dithmenos
Gozag
Nemelex Xobeh
Vehumet
The Shining One


Innate Abilities, Weirdness & Mutations

You have extremely sharp teeth.
Your natural rate of healing is unusually fast.
When hurt, damage is shared between your health and your magic reserves.
Your bite disrupts and absorbs the magic of your enemies.
Potions cannot restore your health.


Message History

There is an open door here.
A giant cockroach comes into view.
You barely miss the giant cockroach. You bite the giant cockroach.
You drain its power.
The giant cockroach is moderately wounded.
The giant cockroach bites you but does no damage.
You hit the giant cockroach.
You kill the giant cockroach!
Trog accepts your kill.
No target in view!
Found an opulent altar of Gozag.
Found a radiant altar of Vehumet.
Found a faded altar of an unknown god.
Found 18 sling bullets.
Found a faded altar of an unknown god.
Found a glowing golden altar of the Shining One.
You see here 18 sling bullets.
There is an open door here.
A wight is nearby!
You hit the wight.
The wight is moderately damaged.
The wight hits you with a +5 short sword!
You feel drained.
You barely miss the wight.
The wight is moderately damaged.
The wight hits you with a +5 short sword!
You feel drained.
You are too injured to fight recklessly!
You are too injured to fight recklessly!
You are too injured to fight recklessly!
You hit the wight.
The wight is heavily damaged.
The wight hits you with a +5 short sword!
You closely miss the wight.
The wight is heavily damaged.
The wight hits you with a +5 short sword.
* * * LOW HITPOINT WARNING * * *
A red film seems to cover your vision as you go berserk!
You feel yourself moving faster!
You feel mighty!
The wight hits you with a +5 short sword!
You die...

.)..#.##.#.#.##......#..#
)......#.#...##.#.##.#..#
....#....#.#....#.##.#..#
.......#..........##.#..#
...........#............#
......#...###.###.#.....#
........................#
............#..z#.#####.#
....#.........@.....#.#
###...#####.#.......#.#.#
......# ........#.### #.#
...z..##.##.##..#.# #.#
#......... #..#.# #.#.#
#......# #..#.# #.#.#.#
#...>..# #..#.# #.#.#.#
#.<..†.# #.###.#.#.#
#........... #.......#.#


You could see a wight.

Vanquished Creatures
  An ogre (D:4)
  2 wights
  An orc priest (D:3)
  2 iguanas (D:4)
  4 gnolls (D:4)
  5 adders
  An adder skeleton (D:4)
  2 worms
  A dart slug (D:3)
  14 orcs
  3 ball pythons
  8 endoplasms
  2 giant cockroaches
  8 goblins
  6 hobgoblins
  6 jackals
  5 kobolds
  3 quokkas
  5 bats
  5 frilled lizards
  4 rats
88 creatures vanquished.

Notes
Turn   | Place    | Note
-------+----------+-------------------------------------------
     0 | D:1      | jejorda2 the Vine Stalker Berserker began the quest for the
                  | Orb.
     0 | D:1      | Reached XP level 1. HP: 11/11 MP: 2/2
   235 | D:1      | Reached XP level 2. HP: 16/16 MP: 3/3
   361 | D:1      | Found a faded altar of an unknown god.
   892 | D:2      | Reached XP level 3. HP: 20/20 MP: 4/4
  1247 | D:2      | Reached ** piety under Trog
  1399 | D:3      | Gained mutation: Your natural rate of healing is unusually
                  | fast. [Vine Stalker growth]
  1399 | D:3      | Reached XP level 4. HP: 24/24 MP: 5/5
  1525 | D:3      | Reached XP level 5. HP: 29/29 MP: 6/6
  2023 | D:4      | Reached XP level 6. HP: 33/33 MP: 4/7
  2156 | D:4      | Found a shadowy altar of Dithmenos.
  2279 | D:4      | Found a sparkling altar of Nemelex Xobeh.
  2314 | D:4      | Reached *** piety under Trog
  2461 | D:4      | Found an opulent altar of Gozag.
  2467 | D:4      | Found a radiant altar of Vehumet.
  2469 | D:4      | Found a faded altar of an unknown god.
  2471 | D:4      | Found a faded altar of an unknown god.
  2474 | D:4      | Found a glowing golden altar of the Shining One.
  2521 | D:4      | Slain by a wight

Illustrated notes

Levels and vault maps discovered:
D:1:      psy_arrival_spokes, layout_basic,
          hellmonk_ecumenical_altar_slurped_away
D:2:      layout_basic
D:3:      layout_rooms
D:4:      layout_basic, nemelex_dance_club_becter, grunt_dithmenos_smoke,
          chequers_temple_overflow_minitemple, uniq_eustachio

Skill      XL: |  1  2  3  4  5 |
---------------+----------------+-----
Fighting       | 3 4 |  4.8
Short Blades   | 3 4 |  4.8
Armour         | 2 |  2.9
Dodging        | |  1.5

Action                   |  1- 3 |  4- 6 || total
-------------------------+-------+-------++-------
Melee: Short sword       |    57 |   118 ||   175
       Dagger            |     6 |       ||     6
       Bite              |     9 |    27 ||    36
       Punch             |       |     2 ||     2
Throw: Stone             |     4 |     8 ||    12
Invok: Berserk           |     1 |     6 ||     7
 Stab: Sleeping          |     5 |       ||     5
Armor: Animal skin       |    18 |       ||    18
       Scale mail        |       |    35 ||    35
Dodge: Dodged            |    37 |    56 ||    93
